General information
- name: BNet
- type: Ladder team game (AT/RT)
- host: Battle.net
- saver: ONTLOOKAT2NDMON
map: LastManStanding
- players: 8
- length: 69:15
- speed: Fast
- version: 1.26 W3XP
- replay type: Public
» download(377 KB)
Players
team 1 (winner)
FEARMYART (
blue | 5 APM | 346 actions | 66:01)
» actions
| Assign group hotkey | 3 | |
| Basic commands | 21 | |
| Build / train | 7 | |
| Enter build submenu | 1 | |
| Right click | 117 | |
| Select / deselect | 158 | |
| Select group hotkey | 36 | |
| Use ability | 3 | |
346 total
» units
ONTLOOKAT2NDMON (
purple | 80 APM | 5561 actions | 69:15)
10 Death Knight
3 Death Coil
3 Unholy Aura
1 Animate Dead
3 Death Pact
» actions
| Assign group hotkey | 70 | |
| Basic commands | 89 | |
| Build / train | 229 | |
| ESC pressed | 6 | |
| Enter build submenu | 76 | |
| Enter hero's abilities submenu | 10 | |
| Give item / drop item | 2 | |
| Remove unit from queue | 2 | |
| Right click | 2714 | |
| Select / deselect | 662 | |
| Select group hotkey | 1454 | |
| Use ability | 247 | |
5561 total
» units
| Acolyte | 15 | |
| Ghoul | 2 | |
| Crypt Fiend | 4 | |
| Gargoyle | 21 | |
| Goblin Shredder | 7 | |
| Bronze Dragon | 30 | |
| Frost Wyrm | 3 | |
| Goblin Zeppelin | 2 | |
| Bronze Drake | 1 | |
85 total
» upgrades
| Creature Carapace | 4 | |
| Creature Attack | 3 | |
| Web | 1 | |
| Burrow | 1 | |
| Stone Form | 1 | |
| Ghoul Frenzy | 1 | |
| Freezing Breath | 1 | |
| Unholy Armor | 3 | |
| Unholy Strength | 3 | |
| Destroyer Form | 1 | |
| Disease Cloud | 1 | |
| Exhume Corpses | 1 | |
21 total
» buildings
| Graveyard | 2 | |
| Crypt | 7 | |
| Altar of Darkness | 3 | |
| Ziggurat | 41 | |
| Tomb of Relics | 2 | |
| Halls of the Dead | 6 | |
| Spirit Tower | 39 | |
| Black Citadel | 6 | |
| Necropolis | 1 | |
| Sacrificial Pit | 1 | |
| Boneyard | 4 | |
| Slaughterhouse | 3 | |
| Nerubian Tower | 39 | |
154 total
» build order
00:06 Graveyard
00:11 Crypt
00:28 Altar of Darkness
00:39 Ziggurat
01:07 Tomb of Relics
01:42 Ziggurat
02:19 Halls of the Dead
03:17 Ziggurat
04:03 Crypt
04:05 Crypt
04:55 Ziggurat
04:57 Ziggurat
05:00 Ziggurat
05:01 Ziggurat
05:54 Spirit Tower
05:54 Spirit Tower
05:54 Spirit Tower
05:55 Spirit Tower
05:55 Spirit Tower
05:55 Spirit Tower
05:55 Spirit Tower
08:02 Black Citadel
08:03 Black Citadel
08:36 Ziggurat
08:38 Crypt
08:40 Crypt
12:08 Necropolis
12:35 Spirit Tower
12:35 Spirit Tower
12:35 Spirit Tower
13:31 Ziggurat
13:33 Crypt
13:34 Crypt
13:37 Sacrificial Pit
16:07 Ziggurat
16:09 Ziggurat
16:10 Ziggurat
16:13 Ziggurat
16:19 Ziggurat
16:27 Halls of the Dead
16:28 Halls of the Dead
16:28 Halls of the Dead
16:44 Graveyard
16:53 Boneyard
16:56 Boneyard
16:58 Boneyard
16:59 Boneyard
17:04 Spirit Tower
17:04 Spirit Tower
17:04 Spirit Tower
17:06 Spirit Tower
17:06 Spirit Tower
17:06 Spirit Tower
17:38 Spirit Tower
17:38 Spirit Tower
17:38 Spirit Tower
18:05 Ziggurat
18:08 Ziggurat
20:25 Slaughterhouse
20:26 Slaughterhouse
20:28 Slaughterhouse
22:07 Spirit Tower
22:11 Ziggurat
22:15 Ziggurat
22:16 Ziggurat
22:18 Ziggurat
22:20 Ziggurat
22:23 Ziggurat
22:26 Ziggurat
22:29 Ziggurat
24:30 Spirit Tower
24:30 Spirit Tower
27:36 Altar of Darkness
27:38 Altar of Darkness
28:18 Ziggurat
28:26 Tomb of Relics
29:26 Ziggurat
29:28 Ziggurat
29:29 Ziggurat
29:33 Ziggurat
29:35 Ziggurat
29:37 Ziggurat
29:39 Ziggurat
30:51 Spirit Tower
30:51 Spirit Tower
30:55 Nerubian Tower
30:55 Nerubian Tower
30:56 Nerubian Tower
37:24 Ziggurat
37:27 Ziggurat
40:18 Nerubian Tower
40:19 Nerubian Tower
40:19 Nerubian Tower
40:21 Ziggurat
40:24 Ziggurat
40:26 Ziggurat
41:27 Nerubian Tower
41:27 Nerubian Tower
41:28 Nerubian Tower
41:32 Nerubian Tower
41:32 Nerubian Tower
41:32 Nerubian Tower
41:40 Ziggurat
41:42 Ziggurat
42:48 Spirit Tower
42:50 Nerubian Tower
42:50 Nerubian Tower
42:51 Nerubian Tower
42:58 Nerubian Tower
42:58 Nerubian Tower
42:58 Nerubian Tower
42:59 Nerubian Tower
43:19 Ziggurat
43:25 Ziggurat
45:08 Nerubian Tower
45:08 Nerubian Tower
45:09 Nerubian Tower
45:09 Nerubian Tower
45:10 Nerubian Tower
45:10 Nerubian Tower
45:11 Nerubian Tower
46:55 Black Citadel
46:55 Black Citadel
» items
| Rod of Necromancy | 1 | |
| Sacrificial Skull | 1 | |
| Orb of Corruption | 1 | |
| Potion of Healing | 2 | |
| Scroll of Town Portal | 1 | |
6 total

»
KiDHaSGaMe (
red | 47 APM | 2893 actions | 62:01)
6 Beastmaster
3 Summon Bear
2 Summon Quilbeast
1 Stampede
6 Tauren Chieftain
2 Shockwave
3 Endurance Aura
1 Reincarnation
5 Shadow Hunter
3 Healing Wave
2 Hex
» actions
| Assign group hotkey | 36 | |
| Basic commands | 353 | |
| Build / train | 159 | |
| ESC pressed | 8 | |
| Enter build submenu | 92 | |
| Enter hero's abilities submenu | 17 | |
| Remove unit from queue | 2 | |
| Right click | 349 | |
| Select / deselect | 669 | |
| Select group hotkey | 939 | |
| Use ability | 269 | |
2893 total
» units
| Peon | 13 | |
| Troll Headhunter/Berserker | 6 | |
| Goblin Shredder | 1 | |
| Wind Rider | 8 | |
| Troll Witch Doctor | 19 | |
| Kodo Beast | 5 | |
| Raider | 4 | |
| Grunt | 20 | |
| Shaman | 5 | |
81 total
» upgrades
| Ranged Weapons | 3 | |
| Armor | 3 | |
| Witch Doctor Training | 2 | |
| Reinforced Defenses | 1 | |
| Melee Weapons | 4 | |
| War Drums Damage Increase | 1 | |
| Envenomed Spears | 1 | |
| Liquid Fire | 1 | |
| Spiked Barricades | 3 | |
| Ensnare | 1 | |
| Berserker Strength | 1 | |
| Pillage | 1 | |
| Shaman Training | 3 | |
25 total
» buildings
| Orc Burrow | 25 | |
| Altar of Storms | 3 | |
| War Mill | 2 | |
| Barracks | 5 | |
| Voodoo Lounge | 7 | |
| Stronghold | 2 | |
| Fortress | 2 | |
| Spirit Lodge | 3 | |
| Beastiary | 5 | |
| Great Hall | 4 | |
| Watch Tower | 32 | |
90 total
» build order
00:23 Orc Burrow
01:10 Altar of Storms
01:22 War Mill
01:53 Barracks
01:58 Orc Burrow
02:14 Voodoo Lounge
02:41 Voodoo Lounge
04:13 Stronghold
04:50 Orc Burrow
05:51 Orc Burrow
06:41 Fortress
06:51 Spirit Lodge
07:48 Beastiary
08:55 Great Hall
09:02 Watch Tower
09:03 Watch Tower
09:06 Watch Tower
09:10 Watch Tower
09:13 Voodoo Lounge
09:50 Watch Tower
09:54 Watch Tower
10:06 Watch Tower
10:16 Watch Tower
11:21 Beastiary
11:32 Orc Burrow
12:54 Orc Burrow
13:37 Orc Burrow
14:59 Orc Burrow
17:45 Voodoo Lounge
17:53 Voodoo Lounge
17:56 Voodoo Lounge
17:58 Voodoo Lounge
18:17 Watch Tower
18:18 Watch Tower
18:24 Watch Tower
18:25 Watch Tower
18:29 Watch Tower
18:34 Watch Tower
18:41 Watch Tower
18:45 Watch Tower
20:13 Watch Tower
20:29 Watch Tower
20:45 Watch Tower
20:56 Watch Tower
21:08 Watch Tower
21:20 Watch Tower
21:35 Watch Tower
22:23 Watch Tower
24:55 Great Hall
25:04 Barracks
25:09 Orc Burrow
25:11 Orc Burrow
25:48 Orc Burrow
25:51 Orc Burrow
25:54 Stronghold
26:03 Barracks
26:10 Orc Burrow
26:13 Orc Burrow
28:25 Orc Burrow
28:27 Orc Burrow
28:33 Orc Burrow
28:39 Orc Burrow
28:42 War Mill
28:47 Altar of Storms
28:51 Barracks
28:54 Barracks
29:00 Spirit Lodge
29:05 Beastiary
30:23 Beastiary
30:27 Fortress
30:35 Orc Burrow
30:45 Orc Burrow
32:09 Orc Burrow
33:10 Great Hall
34:14 Orc Burrow
37:10 Altar of Storms
37:23 Spirit Lodge
40:00 Beastiary
43:32 Watch Tower
43:37 Watch Tower
44:40 Watch Tower
45:43 Watch Tower
47:11 Great Hall
47:15 Watch Tower
47:17 Watch Tower
47:19 Watch Tower
47:37 Watch Tower
50:41 Orc Burrow
50:44 Orc Burrow
50:49 Orc Burrow
» items
| Healing Salve | 1 | |
| Tiny Great Hall | 1 | |
| Potion of Healing | 5 | |
| Orb of Lightning | 2 | |
| Potion of Mana | 1 | |
| Scroll of Speed | 9 | |
| Scroll of Town Portal | 2 | |
| Lesser Clarity Potion | 1 | |
22 total
MiniZ (
orange | 34 APM | 2168 actions | 64:20)
6 Archmage
1 Summon Water Elemental
2 Blizzard
2 Brilliance Aura
1 Mass Teleport
4 Dark Ranger
1 Black Arrow
1 Silence
2 Life Drain
5 Blood Mage
1 Flame Strike
3 Siphon Mana
1 Banish
» actions
| Basic commands | 3 | |
| Build / train | 134 | |
| Enter build submenu | 69 | |
| Enter hero's abilities submenu | 15 | |
| Give item / drop item | 4 | |
| Remove unit from queue | 2 | |
| Right click | 1028 | |
| Select / deselect | 723 | |
| Use ability | 190 | |
2168 total
» units
| Peasant | 18 | |
| Footman | 5 | |
| Goblin Shredder | 1 | |
| Priest | 8 | |
| Knight | 4 | |
| Sorceress | 12 | |
| Spell Breaker | 4 | |
| Goblin Zeppelin | 1 | |
| Bronze Drake | 1 | |
| Bronze Dragon Whelp | 1 | |
55 total
» upgrades
| Swords | 3 | |
| Plating | 2 | |
| Priest Training | 2 | |
| Animal War Training | 1 | |
| Masonry | 3 | |
| Lumber Harvesting | 2 | |
| Sorceress Training | 2 | |
| Control Magic | 1 | |
16 total
» buildings
| Farm | 24 | |
| Altar of Kings | 2 | |
| Barracks | 1 | |
| Lumber Mill | 2 | |
| Town Hall | 4 | |
| Scout Tower | 25 | |
| Keep | 2 | |
| Blacksmith | 2 | |
| Arcane Vault | 1 | |
| Arcane Tower | 4 | |
| Guard Tower | 18 | |
| Castle | 1 | |
| Arcane Sanctum | 2 | |
88 total
» build order
00:31 Farm
00:37 Altar of Kings
00:40 Farm
01:18 Barracks
01:36 Farm
02:02 Lumber Mill
02:18 Farm
02:57 Farm
03:41 Farm
04:47 Town Hall
04:52 Scout Tower
05:01 Keep
05:07 Blacksmith
05:16 Arcane Vault
05:47 Arcane Tower
05:50 Scout Tower
05:57 Farm
06:21 Guard Tower
06:29 Scout Tower
06:57 Scout Tower
07:00 Farm
07:09 Scout Tower
07:10 Guard Tower
07:31 Castle
07:37 Guard Tower
08:13 Guard Tower
08:18 Arcane Sanctum
08:20 Farm
08:39 Scout Tower
09:25 Arcane Tower
09:48 Arcane Sanctum
09:52 Scout Tower
10:50 Farm
10:54 Guard Tower
10:56 Scout Tower
11:19 Scout Tower
11:28 Guard Tower
12:15 Guard Tower
13:09 Scout Tower
14:10 Arcane Tower
14:46 Farm
16:10 Farm
16:53 Scout Tower
16:54 Scout Tower
16:56 Scout Tower
16:58 Scout Tower
17:00 Scout Tower
17:03 Scout Tower
17:05 Scout Tower
17:19 Scout Tower
17:22 Scout Tower
17:24 Scout Tower
17:27 Scout Tower
17:52 Guard Tower
17:55 Guard Tower
17:57 Arcane Tower
17:58 Guard Tower
17:59 Guard Tower
18:06 Guard Tower
18:07 Guard Tower
18:08 Guard Tower
18:12 Scout Tower
18:14 Scout Tower
18:17 Scout Tower
18:40 Guard Tower
18:42 Guard Tower
18:56 Guard Tower
19:46 Lumber Mill
20:28 Scout Tower
21:18 Guard Tower
21:29 Farm
25:24 Town Hall
31:26 Town Hall
35:01 Farm
35:19 Farm
35:45 Farm
35:54 Farm
36:21 Farm
36:25 Altar of Kings
36:59 Farm
37:29 Farm
37:36 Farm
38:53 Farm
39:00 Town Hall
39:13 Keep
39:36 Blacksmith
40:52 Farm
40:58 Farm
» items
| Lesser Clarity Potion | 1 | |
| Scroll of Regeneration | 2 | |
| Orb of Fire | 1 | |
| Potion of Healing | 7 | |
| Scroll of Town Portal | 2 | |
| Orb of Lightning | 2 | |
| Healing Salve | 3 | |
18 total
team 2 (loser)
huutu (
green | 79 APM | 5459 actions | 68:51)
8 Archmage
3 Summon Water Elemental
3 Brilliance Aura
1 Mass Teleport
1 Blizzard
8 Paladin
1 Holy Light
3 Divine Shield
3 Devotion Aura
1 Resurrection
4 Mountain King
2 Storm Bolt
2 Bash
» actions
| Assign group hotkey | 47 | |
| Basic commands | 107 | |
| Build / train | 165 | |
| Enter build submenu | 22 | |
| Enter hero's abilities submenu | 20 | |
| Give item / drop item | 3 | |
| Remove unit from queue | 2 | |
| Right click | 1034 | |
| Select / deselect | 654 | |
| Select group hotkey | 3200 | |
| Use ability | 205 | |
5459 total
» units
| Peasant | 12 | |
| Rifleman | 19 | |
| Goblin Shredder | 1 | |
| Priest | 13 | |
| Sorceress | 2 | |
| Flying Machine | 39 | |
| Spell Breaker | 4 | |
| Siege Engine | 29 | |
119 total
» upgrades
| Armor | 1 | |
| Gunpowder | 1 | |
| Long Rifles | 1 | |
| Priest Training | 2 | |
| Control Magic | 1 | |
| Sorceress Training | 1 | |
| Plating | 1 | |
| Barrage | 1 | |
9 total
» buildings
| Farm | 24 | |
| Altar of Kings | 1 | |
| Blacksmith | 1 | |
| Barracks | 2 | |
| Arcane Vault | 1 | |
| Keep | 1 | |
| Lumber Mill | 1 | |
| Arcane Sanctum | 2 | |
| Castle | 2 | |
| Town Hall | 1 | |
36 total
» build order
00:24 Farm
00:24 Farm
00:59 Altar of Kings
01:38 Blacksmith
02:02 Barracks
02:11 Barracks
02:22 Farm
02:23 Farm
02:25 Farm
02:27 Farm
02:53 Arcane Vault
04:56 Farm
05:57 Keep
06:20 Lumber Mill
06:57 Farm
06:58 Farm
06:58 Farm
08:53 Arcane Sanctum
10:38 Castle
10:39 Castle
12:42 Farm
12:42 Farm
12:43 Farm
15:09 Arcane Sanctum
17:33 Farm
17:33 Farm
17:34 Farm
17:34 Farm
18:19 Farm
18:20 Farm
18:21 Farm
18:21 Farm
18:45 Farm
39:16 Town Hall
» items
GOASUDF (
pink | 65 APM | 4472 actions | 69:14)
10 Archmage
3 Summon Water Elemental
3 Brilliance Aura
1 Mass Teleport
3 Blizzard
4 Mountain King
2 Storm Bolt
2 Bash
» actions
| Assign group hotkey | 108 | |
| Basic commands | 29 | |
| Build / train | 125 | |
| Enter build submenu | 30 | |
| Enter hero's abilities submenu | 15 | |
| Give item / drop item | 2 | |
| Remove unit from queue | 1 | |
| Right click | 1820 | |
| Select / deselect | 613 | |
| Select group hotkey | 1254 | |
| Use ability | 475 | |
4472 total
» units
| Peasant | 15 | |
| Footman | 4 | |
| Goblin Shredder | 3 | |
| Gryphon Rider | 7 | |
| Flying Machine | 3 | |
| Siege Engine | 8 | |
| Goblin Zeppelin | 2 | |
| Mortar Team | 1 | |
43 total
» upgrades
| Masonry | 3 | |
| Swords | 2 | |
| Armor | 2 | |
| Animal War Training | 1 | |
| Storm Hammers | 1 | |
| Cloud | 1 | |
| Gunpowder | 3 | |
| Flak Cannons | 2 | |
| Flying Machine Bombs | 2 | |
| Plating | 3 | |
| Barrage | 1 | |
| Flare | 1 | |
22 total
» buildings
| Altar of Kings | 1 | |
| Barracks | 1 | |
| Farm | 15 | |
| Lumber Mill | 1 | |
| Town Hall | 3 | |
| Arcane Vault | 3 | |
| Keep | 2 | |
| Blacksmith | 1 | |
| Scout Tower | 32 | |
| Guard Tower | 14 | |
| Castle | 3 | |
| Gryphon Aviary | 3 | |
| Workshop | 4 | |
| Cannon Tower | 2 | |
85 total
» build order
00:08 Altar of Kings
00:29 Barracks
00:36 Farm
00:52 Farm
01:36 Farm
02:01 Lumber Mill
03:04 Farm
04:05 Town Hall
04:08 Arcane Vault
05:32 Keep
06:16 Blacksmith
06:20 Scout Tower
06:20 Scout Tower
06:20 Scout Tower
06:22 Scout Tower
06:22 Scout Tower
06:22 Scout Tower
06:52 Scout Tower
06:52 Scout Tower
06:52 Scout Tower
06:53 Scout Tower
06:54 Scout Tower
06:55 Scout Tower
07:06 Guard Tower
07:07 Guard Tower
07:38 Guard Tower
07:41 Guard Tower
08:04 Guard Tower
08:04 Guard Tower
08:22 Castle
08:22 Castle
08:30 Gryphon Aviary
08:31 Gryphon Aviary
08:32 Gryphon Aviary
08:44 Farm
10:44 Scout Tower
10:44 Scout Tower
10:45 Scout Tower
10:45 Scout Tower
10:47 Scout Tower
10:47 Scout Tower
12:10 Guard Tower
12:43 Scout Tower
12:44 Scout Tower
12:44 Scout Tower
12:44 Scout Tower
12:46 Scout Tower
12:47 Scout Tower
12:47 Scout Tower
12:47 Scout Tower
13:23 Guard Tower
13:47 Guard Tower
13:48 Guard Tower
13:56 Workshop
13:57 Workshop
14:50 Workshop
16:27 Farm
16:27 Farm
16:28 Farm
16:28 Farm
16:29 Farm
16:29 Farm
16:30 Farm
16:30 Farm
19:08 Workshop
20:44 Farm
26:36 Arcane Vault
27:45 Farm
31:49 Town Hall
33:43 Town Hall
39:18 Arcane Vault
39:19 Scout Tower
39:19 Scout Tower
39:20 Scout Tower
39:20 Scout Tower
39:21 Scout Tower
39:22 Scout Tower
40:42 Guard Tower
40:47 Cannon Tower
42:33 Cannon Tower
45:14 Keep
48:41 Castle
» items
| Scroll of Regeneration | 7 | |
| Lesser Clarity Potion | 1 | |
| Mechanical Critter | 4 | |
| Scroll of Town Portal | 3 | |
| Staff of Sanctuary | 1 | |
| Potion of Healing | 1 | |
17 total

»
NO_COAST (
teal | 32 APM | 2151 actions | 66:56)
8 Tauren Chieftain
3 War Stomp
3 Endurance Aura
1 Reincarnation
1 Shockwave
» actions
| Build / train | 70 | |
| Enter build submenu | 36 | |
| Enter hero's abilities submenu | 8 | |
| Remove unit from queue | 4 | |
| Right click | 1351 | |
| Select / deselect | 570 | |
| Use ability | 112 | |
2151 total
» units
| Peon | 13 | |
| Grunt | 6 | |
| Tauren | 9 | |
| Shaman | 8 | |
| Flying Machine | 1 | |
| Goblin Zeppelin | 1 | |
38 total
» upgrades
| Pillage | 1 | |
| Armor | 3 | |
| Melee Weapons | 3 | |
| Shaman Training | 2 | |
| Pulverize | 1 | |
| Reinforced Defenses | 1 | |
11 total
» buildings
| Altar of Storms | 1 | |
| Orc Burrow | 9 | |
| Barracks | 1 | |
| War Mill | 4 | |
| Voodoo Lounge | 1 | |
| Stronghold | 1 | |
| Watch Tower | 11 | |
| Fortress | 1 | |
| Great Hall | 2 | |
| Spirit Lodge | 1 | |
| Tauren Totem | 2 | |
34 total
» build order
00:33 Altar of Storms
00:47 Orc Burrow
01:02 Barracks
01:31 War Mill
01:49 Orc Burrow
02:39 Voodoo Lounge
03:52 Orc Burrow
04:40 Stronghold
05:51 Watch Tower
06:48 Orc Burrow
07:05 Orc Burrow
07:07 Fortress
07:45 Great Hall
08:16 Watch Tower
08:22 Watch Tower
08:52 Spirit Lodge
09:03 War Mill
09:56 Tauren Totem
10:04 Tauren Totem
11:27 Watch Tower
11:41 Orc Burrow
12:47 Watch Tower
13:12 War Mill
15:01 Great Hall
16:25 Orc Burrow
17:53 Watch Tower
17:59 Watch Tower
18:37 Watch Tower
18:46 Watch Tower
19:11 Orc Burrow
19:37 Watch Tower
20:07 Watch Tower
20:20 War Mill
22:59 Orc Burrow
» items
| Healing Salve | 1 | |
| Orb of Lightning | 1 | |
| Scroll of Town Portal | 3 | |
| Scroll of Regeneration | 1 | |
6 total
KillerBud (
yellow | 69 APM | 812 actions | 11:45)
4 Paladin
3 Holy Light
1 Divine Shield
2 Mountain King
1 Storm Bolt
1 Bash
» actions
| Assign group hotkey | 23 | |
| Basic commands | 90 | |
| Build / train | 61 | |
| Enter build submenu | 18 | |
| Enter hero's abilities submenu | 5 | |
| Right click | 195 | |
| Select / deselect | 194 | |
| Select group hotkey | 180 | |
| Use ability | 46 | |
812 total
» units
| Peasant | 8 | |
| Rifleman | 13 | |
| Mortar Team | 4 | |
| Flying Machine | 3 | |
28 total
» upgrades
» buildings
| Altar of Kings | 1 | |
| Farm | 8 | |
| Blacksmith | 1 | |
| Barracks | 1 | |
| Keep | 2 | |
| Arcane Vault | 1 | |
| Workshop | 1 | |
| Castle | 1 | |
16 total
» build order
00:17 Altar of Kings
00:40 Farm
01:39 Blacksmith
01:46 Barracks
02:10 Farm
02:33 Keep
02:33 Keep
03:18 Farm
04:31 Farm
05:13 Arcane Vault
05:35 Workshop
06:11 Farm
06:49 Farm
08:09 Castle
10:30 Farm
10:31 Farm
» items
| Scroll of Regeneration | 1 | |
| Lesser Clarity Potion | 1 | |
2 total
Chat log
(00:11 / All) GOASUDF: woot
(00:15 / All) GOASUDF: first time in a yr this map
(00:18 / All) ONTLOOKAT2NDMON: worst possible map for me to pick undead on
(00:36 / All) KillerBud: why is that, sweetie?
(00:55 / All) ONTLOOKAT2NDMON: cuz ud is a shit race especially on maps full of chokes you can tower and where you can mass expo
(01:01 / All) ONTLOOKAT2NDMON: plus militia are essential to creep on this map
(01:09 / All) KillerBud: poor baby
(01:12 / All) ONTLOOKAT2NDMON: but don't worry I'll rape you just the same
(01:13 / All) ONTLOOKAT2NDMON: ;)
(01:16 / All) KillerBud: ill give you a hug if thats what youre after
(01:19 / All) GOASUDF: baby aby aby
(01:21 / All) GOASUDF: purp a baby
(01:25 / All) GOASUDF: WAHHHHH
(01:27 / All) KillerBud: no, i dont want to be raped. thats violent
(01:28 / All) ONTLOOKAT2NDMON: You're going to bleed from your anus
(01:33 / All) KillerBud: I just want to be held
(02:36 / Allies) ONTLOOKAT2NDMON: I'm going gargs
(03:17 / All) GOASUDF: PURP GO WAH
(03:40 / Allies) ONTLOOKAT2NDMON: ty blue
(03:52 / Allies) KiDHaSGaMe: blue feed me
(06:38 / Allies) KiDHaSGaMe: i need a mine
(08:59 / All) GOASUDF: critter killers
(09:37 / All) ONTLOOKAT2NDMON: lol
(11:36 / All) GOASUDF: wtf purp already 6
(11:39 / All) GOASUDF: uget tome of power?
(11:43 / All) ONTLOOKAT2NDMON: uninstall yellow
(11:48 / All) ONTLOOKAT2NDMON: you shit talk but are just shit
(11:49 / All) ONTLOOKAT2NDMON: LOL
(17:23 / Allies) KiDHaSGaMe: build blue
(17:25 / Allies) KiDHaSGaMe: im at 100
(17:44 / Allies) ONTLOOKAT2NDMON: move your doctors please
(17:56 / Allies) ONTLOOKAT2NDMON: move
(19:41 / Allies) KiDHaSGaMe: blue gold me
(20:00 / Allies) KiDHaSGaMe: for towers
(24:48 / Allies) ONTLOOKAT2NDMON: wood please
(24:58 / Allies) ONTLOOKAT2NDMON: ty
(26:01 / All) ONTLOOKAT2NDMON: This is going to be some high fantasy shit with all these dragons
(26:36 / Allies) KiDHaSGaMe: fight at towers
(27:02 / All) GOASUDF: nooby red
(28:00 / Allies) MiniZ: we shouldnt waite
(28:33 / All) ONTLOOKAT2NDMON: this map is ridiculous
(28:49 / All) GOASUDF: its chaotic
(28:52 / All) GOASUDF: sloppily designed
(30:04 / All) ONTLOOKAT2NDMON: holy shit
(30:06 / All) ONTLOOKAT2NDMON: those kill tanks fast
(30:37 / Allies) MiniZ: no help?
(31:04 / Allies) KiDHaSGaMe: gold?
(31:23 / All) ONTLOOKAT2NDMON: LOL my wyrms are inner fired too
(31:26 / All) ONTLOOKAT2NDMON: BALANCED
(31:43 / Allies) KiDHaSGaMe: gold?
(33:10 / Allies) MiniZ: gold
(33:57 / Allies) KiDHaSGaMe: purp gold me please
(34:00 / Allies) KiDHaSGaMe: so i can mass up
(34:18 / All) GOASUDF: ur army is nuts
(34:42 / Allies) KiDHaSGaMe: couple thousand more please purp
(34:48 / Allies) KiDHaSGaMe: so i can mass up and handle these guys
(35:03 / Allies) ONTLOOKAT2NDMON: I'm not made of money jeez
(35:09 / Allies) KiDHaSGaMe: yes you are
(36:03 / All) ONTLOOKAT2NDMON: 6 level 10 dragons LOL
(36:07 / All) ONTLOOKAT2NDMON: that's half a control group
(36:14 / Allies) ONTLOOKAT2NDMON: omw
(36:51 / All) ONTLOOKAT2NDMON: when you see 6 level 10 dragons you know it's time to tp out
(36:57 / All) GOASUDF: lawl
(36:59 / All) GOASUDF: no shit
(38:36 / All) ONTLOOKAT2NDMON: I instant kill that archmage
(38:40 / All) ONTLOOKAT2NDMON: like in a second
(38:42 / All) ONTLOOKAT2NDMON: not even kidding
(39:00 / All) ONTLOOKAT2NDMON: look at that
(39:02 / All) ONTLOOKAT2NDMON: jesus christ
(39:18 / All) ONTLOOKAT2NDMON: fucking nuts
(39:29 / Allies) KiDHaSGaMe: gold?
(40:51 / All) ONTLOOKAT2NDMON: surprised only yellow has left so far
(41:00 / All) ONTLOOKAT2NDMON: I was wrong, undead is actually great on this map
(41:04 / All) ONTLOOKAT2NDMON: fuck human on this map
(41:44 / Allies) KiDHaSGaMe: purp gold me pleas
(41:50 / All) ONTLOOKAT2NDMON: THIS MAP SHALL ALL BE BLIGHTED!
(42:39 / All) GOASUDF: oh u mean us
(42:47 / All) GOASUDF: teal u need gold for hero?
(42:48 / Allies) KiDHaSGaMe: someone give me money so i can mass...without me purp cant win
(43:05 / Allies) ONTLOOKAT2NDMON: there you go
(43:06 / All) GOASUDF: oh
(43:09 / Allies) KiDHaSGaMe: thank you
(43:56 / All) ONTLOOKAT2NDMON: that mortar team was so fucked
(44:03 / All) ONTLOOKAT2NDMON: 5 wyrms 6 level 10 dragons
(44:05 / All) ONTLOOKAT2NDMON: 1 mortar team
(44:20 / All) ONTLOOKAT2NDMON: BARON FELBLADE SHALL SLAY THESE PEASANTS!
(44:39 / All) ONTLOOKAT2NDMON: ONLY TO ANIMATE THEIR LIFELESS BODIES!
(44:44 / All) GOASUDF: lawl
(44:58 / All) GOASUDF: oh no
(45:01 / All) GOASUDF: not the peasants
(45:18 / All) ONTLOOKAT2NDMON: red
(45:22 / All) ONTLOOKAT2NDMON: why is it when I give you like
(45:24 / All) ONTLOOKAT2NDMON: 6k to make shit
(45:28 / All) ONTLOOKAT2NDMON: you just make t1 grunts and stuff lol
(45:29 / All) GOASUDF: come green
(45:33 / All) ONTLOOKAT2NDMON: when they have mass t3 air
(46:00 / Allies) KiDHaSGaMe: for resources
(46:07 / Allies) KiDHaSGaMe: pillage
(46:10 / All) ONTLOOKAT2NDMON: oh
(46:12 / All) ONTLOOKAT2NDMON: that makes sense
(46:18 / All) ONTLOOKAT2NDMON: wouldn't raiders be better than grunts though?
(46:22 / Allies) KiDHaSGaMe: nah
(46:25 / All) ONTLOOKAT2NDMON: could ensnare the air
(46:31 / Allies) KiDHaSGaMe: dont need to
(46:33 / Allies) KiDHaSGaMe: you got that
(46:37 / All) ONTLOOKAT2NDMON: oh... true
(46:38 / All) ONTLOOKAT2NDMON: I got that
(46:58 / Allies) KiDHaSGaMe: gold for a mine please
(48:02 / All) GOASUDF: lawl
(48:04 / All) GOASUDF: which mine
(48:23 / Allies) FEARMYART: fight it
(48:27 / Allies) FEARMYART: u guys can beat it
(48:28 / All) ONTLOOKAT2NDMON: oh blue is still here
(48:31 / All) ONTLOOKAT2NDMON: forgot about him
(48:39 / Allies) ONTLOOKAT2NDMON: TO THE MIDDLE!
(48:50 / Allies) ONTLOOKAT2NDMON: WE SHALL ANNIHILATE THESE TREACHEROUS PIGS, RED!
(49:00 / Allies) KiDHaSGaMe: sounds good
(49:08 / Allies) ONTLOOKAT2NDMON: DAMN RIGHT THAT SOUNDS GOOD
(49:15 / Allies) ONTLOOKAT2NDMON: WE SHALL BUTCHER THEM LIKE FARM ANIMALS
(49:18 / Allies) KiDHaSGaMe: real good
(49:24 / All) ONTLOOKAT2NDMON: teal we're coming to jill you watch out
(49:25 / All) ONTLOOKAT2NDMON: kill even
(49:41 / Allies) ONTLOOKAT2NDMON: gonna buy more dragons first
(49:42 / Allies) ONTLOOKAT2NDMON: one sec
(49:46 / All) GOASUDF: brb bathroom
(49:49 / All) GOASUDF: whos winning guys
(50:09 / All) ONTLOOKAT2NDMON: 8 level 10 dragons
(50:54 / All) ONTLOOKAT2NDMON: Red how fearsome do these dragons look?
(51:05 / All) KiDHaSGaMe: nar nar
(51:14 / Allies) KiDHaSGaMe: lets go kil
(51:17 / All) ONTLOOKAT2NDMON: THEY APPROACH MY BASE!
(54:51 / Allies) ONTLOOKAT2NDMON: you got gold to rebuild orange?
(55:00 / Allies) MiniZ: no mine
(55:11 / Allies) KiDHaSGaMe: 790 gold left
(55:12 / Allies) ONTLOOKAT2NDMON: it only has 790 gold there
(55:15 / Allies) KiDHaSGaMe: not worth building for
(55:16 / Allies) FEARMYART: lol
(55:53 / Allies) KiDHaSGaMe: come with me
(56:00 / Allies) KiDHaSGaMe: so he doesnt tp with air on me
(56:29 / Allies) ONTLOOKAT2NDMON: dont forget dragons
(56:48 / Allies) ONTLOOKAT2NDMON: and bring and repair the shredder
(56:51 / Allies) ONTLOOKAT2NDMON: they do good damage
(56:54 / Allies) ONTLOOKAT2NDMON: no use just sitting around
(56:59 / Allies) ONTLOOKAT2NDMON: this is the final push guys
(57:11 / Allies) ONTLOOKAT2NDMON: I'll let you pillage all that
(57:14 / Allies) ONTLOOKAT2NDMON: and not kill it myself
(59:03 / Allies) MiniZ: 100 gold?
(59:12 / All) ONTLOOKAT2NDMON: 10 level 10 dragons
(59:20 / Allies) MiniZ: ty
(60:03 / Allies) FEARMYART: just attack guys
(60:04 / Allies) FEARMYART: end it
(60:18 / Allies) ONTLOOKAT2NDMON: anyone here working for an icon?
(60:22 / Allies) ONTLOOKAT2NDMON: I'm close to the undead one myself
(60:25 / Allies) FEARMYART: me
(60:29 / Allies) FEARMYART: i just need icon
(61:06 / Allies) FEARMYART: go
(61:07 / Allies) ONTLOOKAT2NDMON: brb have to piss
(61:08 / Allies) FEARMYART: ...
(61:10 / Allies) FEARMYART: wtf u doing
(61:19 / Allies) FEARMYART: u left red die
(61:20 / Allies) MiniZ: ....
(61:20 / Allies) FEARMYART: noob
(61:37 / Allies) FEARMYART: what a retard
(61:37 / Allies) FEARMYART: lol
(61:40 / Allies) FEARMYART: purple bsing
(61:40 / Allies) FEARMYART: gg
(61:41 / Allies) ONTLOOKAT2NDMON: sorry back
(61:44 / Allies) ONTLOOKAT2NDMON: I really had to piss
(61:45 / Allies) ONTLOOKAT2NDMON: alright
(61:48 / Allies) ONTLOOKAT2NDMON: we ready to attack now?
(61:51 / Allies) ONTLOOKAT2NDMON: guys?
(61:51 / Allies) MiniZ: red die
(61:58 / Allies) ONTLOOKAT2NDMON: wtf
(62:02 / Allies) ONTLOOKAT2NDMON: where did your armies go lol
(62:05 / All) ONTLOOKAT2NDMON: WTF
(62:10 / All) ONTLOOKAT2NDMON: MY TEAM ALL HIT WHEN I WAS TAKING A LEAK
(62:32 / All) ONTLOOKAT2NDMON: I have a noob team
(62:36 / All) ONTLOOKAT2NDMON: they all fucking hit while I went to piss
(62:44 / All) ONTLOOKAT2NDMON: cant believe I lost this because of them
(62:45 / Allies) FEARMYART: k man
(62:47 / Allies) FEARMYART: hit now
(63:07 / Allies) ONTLOOKAT2NDMON: how do I stop them from killing my dk
(63:29 / Allies) ONTLOOKAT2NDMON: how do i stop it from killing my dk
(63:38 / Allies) FEARMYART: micro
(63:40 / Allies) FEARMYART: ...
(63:42 / Allies) ONTLOOKAT2NDMON: ?
(63:46 / Allies) ONTLOOKAT2NDMON: u have micro penis
(63:57 / Allies) FEARMYART: hit pink
(63:58 / Allies) FEARMYART: dude
(64:08 / Allies) ONTLOOKAT2NDMON: fuck they keep killing my dk
(64:09 / Allies) FEARMYART: what a retard
(64:12 / Allies) FEARMYART: Jesys
(64:14 / Allies) FEARMYART: Jesus
(64:17 / All) GOASUDF: u are a great player, orange
(64:17 / Allies) ONTLOOKAT2NDMON: think you can do better?
(64:21 / Allies) ONTLOOKAT2NDMON: I can give u control
(64:22 / Allies) ONTLOOKAT2NDMON: blue
(64:27 / Allies) ONTLOOKAT2NDMON: I can give u control if u have micro
(64:28 / All) GOASUDF: blue still has a peasant lalw
(64:34 / Allies) ONTLOOKAT2NDMON: can u win this/
(64:37 / Allies) ONTLOOKAT2NDMON: are u a pro?
(64:39 / Allies) FEARMYART: yes
(64:40 / Allies) FEARMYART: share
(64:43 / Allies) ONTLOOKAT2NDMON: i shared'
(65:14 / Allies) ONTLOOKAT2NDMON: dio you like my dragins?
(65:25 / Allies) ONTLOOKAT2NDMON: DONT LOOSE MY DK
(65:40 / Allies) ONTLOOKAT2NDMON: HE HAS TC KILL IT
(65:50 / Allies) FEARMYART: lol
(65:52 / Allies) FEARMYART: u idiot
(65:55 / Allies) FEARMYART: kill towers first
(66:16 / All) ONTLOOKAT2NDMON: I pissed off my team so bad
(66:17 / All) ONTLOOKAT2NDMON: they left
(66:25 / All) ONTLOOKAT2NDMON: they thought I was just a complete idiot
(66:31 / All) ONTLOOKAT2NDMON: idiot noob who couldn't win even with level 10 dragons
(67:09 / All) ONTLOOKAT2NDMON: I have no tp to go after green lawl
(67:54 / All) ONTLOOKAT2NDMON: maphacker?
(67:57 / All) ONTLOOKAT2NDMON: you tp right before I do
(68:04 / All) ONTLOOKAT2NDMON: green are you a hacker?
(68:12 / All) ONTLOOKAT2NDMON: green
(68:15 / All) ONTLOOKAT2NDMON: are you a 12-10 hacker
(68:55 / All) ONTLOOKAT2NDMON: nice
(68:56 / All) ONTLOOKAT2NDMON: fun game
(68:59 / All) GOASUDF: u decide
(69:03 / All) GOASUDF: my chat was so bad
(69:03 / All) ONTLOOKAT2NDMON: I say yellow loses
(69:05 / All) GOASUDF: nobody talked
(69:07 / All) GOASUDF: k
(69:09 / All) ONTLOOKAT2NDMON: mine was funny at the end
(69:11 / All) GOASUDF: save ur game